 Seeded DCSS version 0.27-a0-1200-g94dc6ad4cf (webtiles) character file.

Game seed: 1482225061180600175 (custom seed)

49 flotson the Covert (level 3, -1/35 HPs)
             Began as a Gnoll Delver on May 31, 2021.
             Slain by a river rat (2 damage)
             ... in a sewer.
             The game lasted 00:01:33 (464 turns).

flotson the Covert (Gnoll Delver)                    Turns: 464, Time: 00:01:34

Health: -1/35      AC:  3    Str: 12    XL:     3   Next: 75%
Magic:  4/4        EV: 13    Int:  9    God:
Gold:   0          SH:  0    Dex: 13    Spells: 3/3 levels left

rFire    . . .     SeeInvis .   d - +0 quarterstaff
rCold    . . .     Faith    .   (shield currently unavailable)
rNeg     . . .     Spirit   .   b - +0 leather armour
rPois    .         Reflect  .   (no helmet)
rElec    .         Harm     .   (no cloak)
rCorr    .         Rampage  .   (no gloves)
Will     .....                  (no boots)
Stlth    ++++......             (no amulet)
HPRegen  0.11/turn              (no ring)
MPRegen  0.09/turn              (no ring)

@: no status effects
A: fangs 1, strong nose, distributed training
a: no special abilities


You were in a sewer.
You visited 1 branch of the dungeon, and saw 2 of its levels.
You also visited: Sewer.

Inventory:

Hand Weapons
 a - a +0 spear
 d - a +0 quarterstaff (weapon)
Armour
 b - a +0 leather armour (worn)
 f - a +0 pair of gloves
 h - a +0 scale mail
Wands
 g - a wand of digging (2)
Scrolls
 c - a scroll of fog


   Skills:
 + Level 6.5 Fighting
 + Level 0.9 Short Blades
 + Level 0.9 Long Blades
 + Level 0.9 Axes
 + Level 0.9 Maces & Flails
 + Level 4.5 Polearms
 + Level 0.9 Staves
 + Level 0.9 Slings
 + Level 0.9 Bows
 + Level 0.9 Crossbows
 + Level 0.9 Throwing
 + Level 0.9 Armour
 + Level 4.5 Dodging
 + Level 9.5 Stealth
 + Level 0.9 Shields
 + Level 0.9 Unarmed Combat
 + Level 0.9 Spellcasting
 + Level 0.6 Conjurations
 + Level 0.6 Hexes
 + Level 0.6 Summonings
 + Level 0.6 Necromancy
 + Level 0.6 Translocations
 + Level 0.6 Transmutations
 + Level 0.6 Fire Magic
 + Level 0.6 Ice Magic
 + Level 0.6 Air Magic
 + Level 0.6 Earth Magic
 + Level 0.6 Poison Magic
 + Level 1.0 Invocations
 + Level 0.9 Evocations


You had 3 spell levels left.
You didn't know any spells.
Your spell library was empty.

Dungeon Overview and Level Annotations

Branches:
Dungeon (5/15)              Sewer (1/1)
 Temple: D:4-7

Altars:

Shops:
D:4 (


Innate Abilities, Weirdness & Mutations

You have very sharp teeth.
Your uncanny sense of smell can sniff out nearby items.
Your experience applies equally to all skills.


Message History

The river rat is lightly wounded.
The river rat bites you but does no damage.
The river rat closely misses you.
You hit the river rat but do no damage.
The river rat is lightly wounded.
The river rat bites you.
You are too injured to fight recklessly!
You are too injured to fight recklessly!
You are too injured to fight recklessly!
You are too injured to fight recklessly!
You are too injured to fight recklessly!
You are too injured to fight recklessly!
You closely miss the river rat.
The river rat is lightly wounded.
The river rat barely misses you.
The rat twitches its whiskers.
You closely miss the river rat. Your bite misses the river rat.
The river rat is lightly wounded.
The river rat misses you.
You hit the river rat but do no damage. Your bite misses the river rat.
The river rat is lightly wounded.
The river rat bites you. x2
* * * LOW HITPOINT WARNING * * *
As you read the scroll of fear, it crumbles to dust.
You assume a fearsome visage.
The rat looks frightened!
The river rat looks frightened! x2; The rat looks frightened!
Cornered, the rat turns to fight!
Cornered, the river rat turns to fight!
There is an empty arch of ancient stone here.
There is a gate leading back out of this place here.
You hit the river rat but do no damage. The river rat bites you.
* * * LOW HITPOINT WARNING * * *
You hit the river rat.
The river rat is lightly wounded.
The river rat bites you.
* * * LOW HITPOINT WARNING * * *
You hit the river rat.
You bite the river rat, but do no damage.
The river rat is lightly wounded.
The river rat bites you.
You die...

###
#.#
#.#
#r#
#r#
#@#
#.#
#∩#
#.#
#†#
#.#
#.#
#.#
#.#


You could see a river rat and a rat.

Vanquished Creatures
  A hound (D:4)
  2 river rats
  A giant cockroach (D:4)
  A quokka (D:4)
5 creatures vanquished.

Notes
Turn   | Place    | Note
-------+----------+-------------------------------------------
     0 | D:5      | Reached skill level 9 in Stealth
     0 | D:5      | flotson the Gnoll Delver began the quest for the Orb.
     0 | D:5      | Reached XP level 1. HP: 23/23 MP: 1/1
    18 | D:5      | Noticed an iguana
    31 | D:4      | Noticed a centaur
    32 | D:4      | Noticed a howler monkey
    39 | D:4      | Noticed a scorpion
    70 | D:4      | Noticed a hound
    77 | D:4      | Killed a hound
    78 | D:4      | Reached XP level 2. HP: 5/29 MP: 2/2
    78 | D:4      | Reached XP level 3. HP: 6/35 MP: 3/3
    84 | D:4      | Found Romaq's Weapon Shop.
   367 | D:4      | Reached skill level 1 in Invocations
   372 | D:4      | Found a glowing drain.
   448 | Sewer    | Entered a sewer
   463 | Sewer    | HP: 1/35 [river rat (5)]
   464 | Sewer    | Slain by a river rat

Illustrated notes

Levels and vault maps discovered:
D:4:      layout_loops_ring, serial_shops, shop, gup_sewer_entry_bubbles,
          palyth_stone_intersect, uniq_duvessa
D:5:      layout_loops_ring, lemuel_zombie_altar_yredelemnul, uniq_sigmund
Sewer:    sewer_kobolds

Skill      XL: |  1  2  3 |
---------------+----------+-----
Stealth        | |  9.5
Invocations    | 1 |  1.0
Fighting       | |  6.5
Short Blades   | |  0.9
Long Blades    | |  0.9
Axes           | |  0.9
Maces & Flails | |  0.9
Polearms       | |  4.5
Staves         | |  0.9
Slings         | |  0.9
Bows           | |  0.9
Crossbows      | |  0.9
Throwing       | |  0.9
Armour         | |  0.9
Dodging        | |  4.5
Shields        | |  0.9
Unarmed Combat | |  0.9
Spellcasting   | |  0.9
Conjurations   | |  0.6
Hexes          | |  0.6
Summonings     | |  0.6
Necromancy     | |  0.6
Translocations | |  0.6
Transmutations | |  0.6
Fire Magic     | |  0.6
Ice Magic      | |  0.6
Air Magic      | |  0.6
Earth Magic    | |  0.6
Poison Magic   | |  0.6
Evocations     | |  0.9

Action                   || total
-------------------------++-------
Melee: Spear             ||     5
       Quarterstaff      ||    24
       Bite              ||     3
Evoke: Wand              ||     1
  Use: Potion            ||     1
       Scroll            ||     2
Armor: Leather armour    ||     3
Dodge: Dodged            ||    27

Table legend: (Time is in decaauts)
 A = Elapsed time spent in this place.
 B = Non-inter-level travel time spent in this place.
 C = Inter-level travel time spent in this place.
 D = Time resting spent in this place.
 E = Time spent auto-exploring this place.
 F = Levels seen in this place.
 G = Mean time per level.
                   A        B        C        D        E       F      G
               +--------+--------+--------+--------+--------+-----+--------+
         Total |    454 |    454 |      0 |    286 |     16 |   3 |  151.3 |
       Dungeon |    436 |    436 |      0 |    286 |     16 |   2 |  218.0 |
         Sewer |     18 |     18 |      0 |      0 |      0 |   1 |   18.0 |
               +--------+--------+--------+--------+--------+-----+--------+

Top non-repeatable levels by time:
     D:4: 405 daAuts
     D:5: 31 daAuts
   Sewer: 18 daAuts
